 Dungeon Crawl Stone Soup version 0.19.4-9-g45fd643 (webtiles) character file.

91 Felix the Charmwright (level 4, -8/30 HPs)
             Began as a High Elf Skald on Feb 18, 2017.
             Mangled by a gnoll
             ... wielding a +0 whip
              (11 damage)
             ... on level 3 of the Dungeon.
             The game lasted 00:09:22 (1813 turns).

Felix the Charmwright (High Elf Skald)              Turns: 1813, Time: 00:09:23

Health: -8/30      AC:  4    Str: 11    XL:     4   Next: 33%
Magic:  9/9        EV: 12    Int: 16    God:
Gold:   202        SH:  0    Dex: 15    Spells: 2 memorised, 6 levels left

rFire  . . .     SeeInvis .     a - +0 short sword
rCold  . . .     Gourm    .     b - +0 leather armour
rNeg   . . .     Faith    .     (no shield)
rPois  .         Spirit   .     (no helmet)
rElec  .         Reflect  .     (no cloak)
rCorr  .         Harm     .     l - +0 pair of gloves
MR     .....                    (no boots)
Stlth  +.........               (no amulet)
                                (no ring)
                                (no ring)

@: no status effects
A: no striking features
a: no special abilities


You were on level 3 of the Dungeon.
You were not hungry.

You visited 1 branch of the dungeon, and saw 3 of its levels.

You collected 202 gold pieces.

Inventory:

Hand Weapons
 a - a +0 short sword (weapon)
Missiles
 f - 36 bolts
Armour
 b - a +0 leather armour (worn)
 l - a +0 pair of gloves (worn)
Scrolls
 e - a scroll of teleportation {unknown}
 i - a scroll of amnesia {unknown}
 k - 2 scrolls of identify {unknown}
 n - a scroll of enchant weapon {unknown}
Potions
 j - a potion of curing {unknown}
 m - a potion of heal wounds {unknown}
Books
 c - a book of Battle

   Spells                             Type                      Level
   a - Infusion                       Charms                       1
   b - Shroud of Golubria             Charms/Translocation         2
   c - Song of Slaying                Charms                       2
   d - Spectral Weapon                Hexes/Charms                 3
   e - Regeneration                   Charms/Necromancy            3
Comestibles
 d - 3 bread rations
 g - a meat ration
 h - 2 chunks of flesh


   Skills:
 + Level 2.4 Fighting
 * Level 3.5 Short Blades
 + Level 1.6 Armour
 + Level 1.9 Dodging
 + Level 3.1 Spellcasting
 + Level 3.9 Charms


You had 6 spell levels left.
You knew the following spells:

 Your Spells              Type           Power        Failure   Level  Hunger
a - Infusion              Chrm           ###.         6%          1    #......
b - Song of Slaying       Chrm           ###.....     10%         2    ##.....


Dungeon Overview and Level Annotations

Branches:
Dungeon (3/15)

Altars:


Message History

You hit the gnoll.
The gnoll is moderately wounded.
The gnoll barely misses you. The gnoll hits you with a whip!
You hit the gnoll.
The gnoll is almost dead.
The gnoll hits you with a spear!
* * * LOW HITPOINT WARNING * * *
The gnoll hits you with a whip.
* * * LOW HITPOINT WARNING * * *
The gnoll hits you but does no damage.
You are too injured to fight recklessly!
You are too injured to fight recklessly!
Your song is almost over.
Your magical contamination has completely faded away.
You are too injured to fight recklessly!
Your song has ended.
The gnoll hits you with a whip.
* * * LOW HITPOINT WARNING * * *
The gnoll hits you with a whip!
You die...

.....gg....# .....#####.#
..#### #.######## ######
..########...gg...# #....#
g........########g#####.##.#
g#######................##.#
.# ##########g########.# #
.# #####g# #.###### .#
#...@.# #....... .# #<#####
######## .## #.# # ..# #.#
##### ..#### #.# #....
.....# #.# ### #.### #.##.#
#.# ##.## #.### #.##.# #.#
##.#.#####.##. #.##.#
#.######.###.....#...


You could see 3 gnolls.

Vanquished Creatures
  4 adders (D:2)
  2 worms
  A dart slug (D:2)
  4 leopard geckos (D:1)
  9 bats
  5 giant cockroaches
  3 goblins
  5 hobgoblins
  A ball python (D:1)
  3 frilled lizards
  3 kobolds
  3 rats (D:1)
43 creatures vanquished.

Notes
Turn   | Place    | Note
-------+----------+-------------------------------------------
     0 | D:1      | Felix the High Elf Skald began the quest for the Orb.
     0 | D:1      | Reached XP level 1. HP: 14/14 MP: 4/4
    40 | D:1      | Reached skill level 1 in Armour
    96 | D:1      | Reached XP level 2. HP: 14/19 MP: 2/6
   847 | D:1      | Reached XP level 3. HP: 20/24 MP: 7/7
   851 | D:1      | Learned a level 2 spell: Song of Slaying
  1340 | D:2      | Reached XP level 4. HP: 26/30 MP: 5/9
  1813 | D:3      | Mangled by a gnoll

Skill      XL: |  1  2  3  4 |
---------------+-------------+-----
Armour         | 1 |  1.6
Short Blades   | 3 |  3.5
Spellcasting   | 3 |  3.1
Fighting       | |  2.4
Dodging        | |  1.9
Charms         | |  3.9

Action                   |  1- 3 |  4- 6 || total
-------------------------+-------+-------++-------
Melee: Short sword       |   170 |    24 ||   194
 Cast: Infusion          |    10 |     3 ||    13
       Song of Slaying   |     1 |     1 ||     2
 Stab: Sleeping          |     1 |       ||     1
  Eat: Bread ration      |     1 |       ||     1
       Chunk             |     1 |       ||     1
Armor: Leather armour    |    55 |     4 ||    59
Dodge: Dodged            |   124 |    10 ||   134
